 Dungeon Crawl Stone Soup version 0.30-a0-29-g142975f185 (webtiles) character file.

Game seed: 9132295793797709764

4 innerfire433 the Trooper (level 1, 0/18 HPs)
             Began as a Demonspawn Monk on Aug 26, 2022.
             Slain by a quokka (4 damage)
             ... on level 1 of the Dungeon.
             The game lasted 00:00:19 (198 turns).

innerfire433 the Trooper (Demonspawn Monk)           Turns: 198, Time: 00:00:19

Health: 0/18       AC:  2    Str: 11    XL:     1   Next: 50%
Magic:  1/1        EV: 13    Int: 11    God:
Gold:   22         SH:  0    Dex: 15    Spells: 0/0 levels left

rFire   . . .      SeeInvis .    a - +0 mace
rCold   . . .      Faith    .    (no shield)
rNeg    . . .      Spirit   .    b - +0 robe
rPois   .          Reflect  .    (no helmet)
rElec   .          Harm     .    (no cloak)
rCorr   .          Rampage  .    (no gloves)
Will    .....                    (no boots)
Stlth   ++........               (no amulet)
HPRegen 0.06/turn                (no ring)
MPRegen 0.07/turn                (no ring)

@: no status effects
A: no striking features
a: no special abilities


You were on level 1 of the Dungeon.
You visited 1 branch of the dungeon, and saw 1 of its levels.

You collected 22 gold pieces.

Inventory:

Hand Weapons
 a - a +0 mace (weapon)
Armour
 b - a +0 robe (worn)
Scrolls
 d - a scroll of poison {unknown}
 f - a scroll of identify {unknown}
Potions
 c - a potion of ambrosia
 e - a potion of lignification {unknown}


   Skills:
 + Level 3.0 Fighting
 + Level 2.7 Maces & Flails
 + Level 2.7 Dodging
 + Level 1.9 Stealth


You couldn't memorise any spells.
You didn't know any spells.
Your spell library contained the following spells:

 Spells                   Type           Power      Damage    Failure   Level
 Sublimation of Blood     Necr           0%         N/A       47%         2
 Wereblood                Tmut           0%         N/A       47%         2
 Summon Hydra             Summ           0%         N/A       100%        7


Dungeon Overview and Level Annotations

Branches:
Dungeon (1/15)

Altars:


Message History

Found 13 gold pieces.
A rat comes into view.
Found a scroll labelled VOCVUJIBBO.
Found a whip.
The kobold shouts!
The quokka bites you but does no damage.
The quokka barely misses you.
You hit the quokka.
The quokka is heavily wounded.
The quokka closely misses you.
You barely miss the quokka.
The quokka is heavily wounded.
The quokka barely misses you. The rat bites you. The quokka closely misses you.
You closely miss the quokka.
The quokka is moderately wounded.
The rat barely misses you. The kobold hits you but does no damage.
The quokka bites you. The kobold barely misses you. The rat bites you.
You barely miss the quokka.
The quokka is moderately wounded.
The quokka misses you. The kobold hits you with a +0 dagger. The rat bites you.
The quokka barely misses you.
You are too injured to fight recklessly!
You are too injured to fight recklessly!
You are too injured to fight recklessly!
You are too injured to fight recklessly!
The rat attacks as you move away! The rat completely misses you.
The quokka attacks as you move away! The quokka closely misses you.
The kobold hits you with a +0 dagger.
* * * LOW HITPOINT WARNING * * *
The quokka bites you but does no damage.
The kobold attacks as you move away! The kobold hits you with a +0 dagger.
* * * LOW HITPOINT WARNING * * *
The quokka closely misses you.
You hit the quokka but do no damage.
The quokka is moderately wounded.
The quokka closely misses you.
You barely miss the quokka.
The quokka is moderately wounded.
The quokka bites you.
You die...

#.##.##.# ##...#
####.......# ##....#
#.....#.......######.....#
#.....#.###...#...##'##....
#..$.......#.....##♣.♣##...
#....^#.##....#..+..<..+...
.....8.####..#####~~~##.##
###....####..#


#PPP# .# ##8.8..r8r@...# ##### )...._..K###.## .#8.....8# #.# ##............
#.8.8#.####.# #.##.#.# .# #. .?..# .# . ...### .# # #### You could see a quokka,
a kobold and a rat.

Vanquished Creatures
  A goblin (D:1)
  A hobgoblin (D:1)
  2 rats (D:1)
4 creatures vanquished.

Notes
Turn   | Place    | Note
-------+----------+-------------------------------------------
     0 | D:1      | innerfire433 the Demonspawn Monk began the quest for the
                  | Orb.
     0 | D:1      | Reached XP level 1. HP: 18/18 MP: 1/1
   182 | D:1      | Found a faded altar of an unknown god.
   198 | D:1      | Slain by a quokka

Illustrated notes

Levels and vault maps discovered:
D:1:      tarquinn_simple_flora_water_e, layout_loops_cross,
          ebering_ecumenical_altar_ruins

Action                   || total
-------------------------++-------
Melee: Mace              ||    14
 Stab: Sleeping          ||     1
Armor: Robe              ||     3
Dodge: Dodged            ||    14

Table legend: (Time is in decaauts)
 A = Elapsed time spent in this place.
 B = Non-inter-level travel time spent in this place.
 C = Inter-level travel time spent in this place.
 D = Time resting spent in this place.
 E = Time spent auto-exploring this place.
 F = Levels seen in this place.
 G = Mean time per level.
                   A        B        C        D        E       F      G
               +--------+--------+--------+--------+--------+-----+--------+
         Total |    201 |    201 |      0 |      0 |    166 |   1 |  201.0 |
       Dungeon |    201 |    201 |      0 |      0 |    166 |   1 |  201.0 |
               +--------+--------+--------+--------+--------+-----+--------+

Top non-repeatable levels by time:
     D:1: 201 daAuts
